 Dungeon Crawl Stone Soup version 0.19.0-17-g07987d3 (webtiles) character file.

4478 Monsterracer the Spear-Bearer (level 10, -1/76 HPs)
             Began as a Merfolk Skald on Nov 10, 2016.
             Was a Believer of Okawaru.
             Slain by a yak (4 damage)
             ... on level 9 of the Dungeon.
             The game lasted 00:53:34 (10192 turns).

Monsterracer the Spear-Bearer (Merfolk Skald)      Turns: 10192, Time: 00:53:35

Health: -1/76      AC:  9    Str: 19    XL:     10   Next: 38%
Magic:  12/17      EV: 19    Int: 14    God:    Okawaru [**....]
Gold:   474        SH:  4    Dex: 13    Spells: 6 memorised, 5 levels left

rFire  + . .     SeeInvis .     t - +1 spear (venom)
rCold  + . .     Gourm    .     b - +0 leather armour
rNeg   + . .     Faith    +     (no shield)
rPois  +         Spirit   .     e - +1 helmet
rElec  +         Reflect  .     E - +0 cloak (curse)
rCorr  +         Harm     .     (no gloves)
MR     +....     Clarity  +     F - +1 pair of boots
Stlth  +++.......               s - amulet of faith
                                (no ring)
                                C - ring of positive energy

@: mighty, resistant, heroism, singing, regenerating
A: change form in water, swift swim, stealthy swim, large bone plates 1,
clarity, magic resistance 1
a: Heroism, Renounce Religion, Stop Singing


You were on level 9 of the Dungeon.
You worshipped Okawaru.
Okawaru was pleased with you.
You were hungry.

You visited 2 branches of the dungeon, and saw 10 of its levels.
You also visited: Ossuary.

You collected 600 gold pieces.
You spent 126 gold pieces at shops.

Inventory:

Hand Weapons
 t - a +1 spear of venom (weapon)
Armour
 b - a +0 leather armour (worn)
 e - a +1 helmet (worn)
 E - a cursed +0 cloak (worn)
 F - a +1 pair of boots (worn)
Jewellery
 f - an uncursed ring of teleportation
 s - an amulet of faith (around neck)
 A - an uncursed ring of fire
 C - a ring of positive energy (left hand)
Wands
 g - a wand of paralysis (10/24)
 h - a wand of teleportation (3/9)
 G - a wand of confusion (31/48)
Scrolls
 i - 5 scrolls of remove curse
 n - 2 scrolls of magic mapping
 o - a scroll of fog
 p - 7 scrolls of identify
 u - a scroll of recharging
 w - 2 scrolls of immolation
 x - a scroll of amnesia
 y - 2 scrolls of enchant armour
 z - 5 scrolls of teleportation
 J - a scroll of fear
Potions
 a - 2 potions of cure mutation
 l - 3 potions of agility
 m - a potion of resistance
 r - 2 potions of flight
 v - a potion of lignification
 B - a potion of cancellation
 D - a potion of invisibility
 L - 2 potions of brilliance
Comestibles
 c - 2 slices of pizza
 d - 7 bread rations
 j - 7 fruits
 k - 3 meat rations
 q - 3 beef jerkies
 H - a royal jelly


   Skills:
 + Level 5.8(10.8) Fighting
 * Level 12.2(17.2) Polearms
 - Level 0.6(5.6) Armour
 + Level 6.8(11.8) Dodging
 - Level 5.0 Spellcasting
 + Level 9.2 Charms
 * Level 1.1 Translocations
 + Level 2.4 Invocations


You had 5 spell levels left.
You knew the following spells:

 Your Spells              Type           Power        Failure   Level  Hunger
a - Song of Slaying       Chrm           ####....     1%          2    ##.....
b - Shroud of Golubria    Chrm/Tloc      ###.......   4%          2    ##.....
c - Regeneration          Chrm/Necr      ###.......   12%         3    ###....
d - Spectral Weapon       Hex/Chrm       ###.....     12%         3    ###....
e - Blink                 Tloc           N/A          21%         2    ##.....
f - Repel Missiles        Chrm/Air       ###...       6%          2    ##.....


Dungeon Overview and Level Annotations

Branches:
Dungeon (9/15)             Temple (1/1) D:7
   Lair: D:8-11         Orc: D:9-12

Altars:
Ashenzari
Cheibriados
Dithmenos
Elyvilon
Fedhas
Gozag
Hepliaklqana
Kikubaaqudgha
Makhleb
Nemelex Xobeh
Okawaru
Qazlal
Ru
Sif Muna
Trog
Uskayaw
Vehumet
Xom
Yredelemnul
Zin
The Shining One

Shops:
D:7 [   D:8 %


Innate Abilities, Weirdness & Mutations

You revert to your normal form in water.
You are very nimble and swift while swimming.
You are very stealthy in the water. (Stealth+)
You are partially covered in large bone plates. (SH +4)
You possess an exceptional clarity of mind.
You are resistant to hostile enchantments. (MR+)


Message History

You hit the yak but do no damage.
The yak looks as sick as possible!
The yak is moderately wounded.
The yak closely misses you.
You barely miss the yak.
The yak is moderately wounded.
The yak closely misses you.
You hit the yak but do no damage.
The yak looks as sick as possible!
The yak is moderately wounded.
The yak gores you but does no damage.
You puncture the yak!
The yak looks as sick as possible!
The yak is heavily wounded.
The yak gores you!
* * * LOW HITPOINT WARNING * * *
You feel protected. The yak gores you.
* * * LOW HITPOINT WARNING * * *
You block the yak's attack.
You feel very mighty all of a sudden. The yak gores you.
You die...

#.##.######### #.#.
#.#........... .#.#
#.#..######### ... #.#..#
####.. #.#..# #.....
#.#..#########
##.....####.#...........
......................##
......Y@..............รท.
##....Y######...######.#
#..... #...######..
#..... .............
#....# ###.#########.
#.... #. ......... #....
############ ####.
#........## #.#........


You could see 2 yaks.

Vanquished Creatures
  Maurice (D:8)
  Joseph (D:8)
  The ghost of kroki the Cleaver, a novice DsGl of Ru (Ossuary)
  Sigmund (D:2)
  A yak (D:9)
  A sky beast (D:7)
  A black bear (D:8)
  3 ice beasts
  5 ogres
  3 centaurs
  An elf zombie (Ossuary)
  Blork the orc (D:5)
  6 bullfrogs
  5 scorpions
  3 killer bees (D:7)
  3 crimson imps
  3 howler monkeys
  A bullfrog zombie (D:6)
  2 centaur zombies
  2 hounds
  A jelly (D:9)
  4 human zombies (Ossuary)
  7 orc priests
  2 orc wizards (D:9)
  3 iguanas
  3 worker ants
  2 mummies (Ossuary)
  A worker ant zombie (D:6)
  6 adders
  4 gnolls
  2 shadow imps
  A white imp (D:5)
  An ooze (D:2)
  3 adder zombies
  An adder skeleton (D:5)
  4 worms
  2 dart slugs (D:3)
  3 leopard geckos
  21 orcs
  5 giant cockroaches
  6 goblins
  13 hobgoblins
  15 jackals
  5 kobolds
  5 quokkas
  4 ball pythons
  9 bats
  3 frilled lizards
  3 goblin zombies
  9 hobgoblin zombies (Ossuary)
  2 jackal zombies (Ossuary)
  9 kobold zombies (Ossuary)
  A leopard gecko zombie (D:5)
  8 orc zombies (Ossuary)
  A quokka skeleton (D:5)
  4 rats
  A rat zombie (Ossuary)
219 creatures vanquished.

Notes
Turn   | Place    | Note
-------+----------+-------------------------------------------
     0 | D:1      | Monsterracer the Merfolk Skald began the quest for the Orb.
     0 | D:1      | Reached XP level 1. HP: 16/16 MP: 3/3
   320 | D:1      | Reached XP level 2. HP: 21/22 MP: 5/5
   326 | D:1      | Learned a level 2 spell: Shroud of Golubria
   429 | D:1      | Reached skill level 4 in Polearms
  1043 | D:2      | Reached XP level 3. HP: 23/27 MP: 6/6
  1048 | D:2      | Learned a level 3 spell: Regeneration
  1191 | D:2      | Noticed Sigmund
  1218 | D:2      | Killed Sigmund
  1218 | D:2      | Reached skill level 6 in Polearms
  1218 | D:2      | Reached XP level 4. HP: 6/33 MP: 3/8
  1218 | D:2      | Reached XP level 5. HP: 7/38 MP: 3/9
  1814 | D:2      | Learned a level 3 spell: Spectral Weapon
  2228 | D:3      | Reached XP level 6. HP: 39/45 MP: 10/10
  2689 | D:3      | Reached skill level 5 in Charms
  3310 | D:4      | Learned a level 2 spell: Song of Slaying
  3336 | D:4      | Reached skill level 7 in Polearms
  3336 | D:4      | Reached XP level 7. HP: 34/51 MP: 5/11
  3847 | D:5      | Entered Level 5 of the Dungeon
  4287 | D:5      | Noticed Blork the orc
  4300 | D:5      | Killed Blork the orc
  4850 | D:5      | Reached skill level 8 in Polearms
  4951 | D:5      | Reached XP level 8. HP: 30/58 MP: 8/13
  6048 | D:6      | Reached skill level 9 in Polearms
  6615 | D:6      | Reached XP level 9. HP: 65/65 MP: 14/16
  6895 | D:7      | Found a sand-covered staircase.
  6950 | Ossuary  | Entered an ossuary
  7009 | Ossuary  | Noticed kroki's ghost (novice DsGl)
  7029 | Ossuary  | Killed kroki's ghost
  7029 | Ossuary  | Reached skill level 10 in Polearms
  7029 | Ossuary  | Reached skill level 5 in Dodging
  7046 | Ossuary  | Reached skill level 5 in Spellcasting
  7252 | Ossuary  | HP: 3/66 [mummy (18)]
  7490 | D:7      | HP: 3/66 [poisoned by a killer bee]
  7497 | D:7      | HP: 2/66 [poisoned by a killer bee]
  7505 | D:7      | HP: 2/66 [poisoned by a killer bee]
  7799 | D:7      | Found Miemn's Armour Boutique.
  7804 | D:7      | Bought a +1 pair of boots for 126 gold pieces
  7888 | D:7      | Found a staircase to the Ecumenical Temple.
  7919 | Temple   | Entered the Ecumenical Temple
  7954 | Temple   | Became a worshipper of Warmaster Okawaru
  8155 | D:7      | Reached skill level 5 in Fighting
  8389 | D:8      | Noticed Joseph
  8404 | D:8      | Reached skill level 11 in Polearms
  8422 | D:8      | Killed Joseph
  8422 | D:8      | Reached * piety under Okawaru
  8663 | D:8      | Noticed Maurice
  8688 | D:8      | Killed Maurice
  8688 | D:8      | Reached skill level 1 in Invocations
  8688 | D:8      | Reached XP level 10. HP: 61/74 MP: 17/17
  8858 | D:8      | Found a shattered altar of Ashenzari.
  9051 | D:8      | Reached ** piety under Okawaru
  9132 | D:8      | Found Abakagag's Food Boutique.
  9311 | D:8      | Learned a level 2 spell: Blink
  9314 | D:8      | Learned a level 2 spell: Repel Missiles
  9749 | D:9      | Reached skill level 12 in Polearms
  9822 | D:9      | Reached skill level 1 in Translocations
  9909 | D:9      | Gained mutation: You are resistant to hostile enchantments. (MR+) [potion of mutation]
  9909 | D:9      | Gained mutation: You possess an exceptional clarity of mind. [potion of mutation]
  9909 | D:9      | Gained mutation: You are partially covered in large bone plates. (SH +4) [potion of mutation]
 10190 | D:9      | HP: 2/76 [yak (10)]
 10192 | D:9      | Slain by a yak

Skill      XL: |  1  2  3  4  5  6  7  8  9 10 |
---------------+-------------------------------+-----
Polearms       | 4 6 7 8 9 11 12 | 12.2
Charms         | 4 5 6 7 8 9 |  9.2
Dodging        | 2 3 4 6 |  6.8
Spellcasting   | 3 4 5 |  5.0
Fighting       | 3 4 5 |  5.8
Invocations    | 1 2 |  2.4
Translocations | 1 |  1.1
Armour         | |  0.6

Action                   |  1- 3 |  4- 6 |  7- 9 | 10-12 || total
-------------------------+-------+-------+-------+-------++-------
Melee: Spear             |    50 |       |   572 |   220 ||   842
       Trident           |    19 |   134 |    35 |       ||   188
       Scythe            |       |    49 |       |       ||    49
       Punch             |       |       |       |     2 ||     2
 Cast: Infusion          |     4 |       |       |       ||     4
       Shroud of Golubri |     2 |     3 |     2 |       ||     7
       Spectral Weapon   |       |     4 |     8 |       ||    12
       Regeneration      |       |     2 |     1 |     1 ||     4
       Song of Slaying   |       |     1 |     8 |     2 ||    11
Invok: Heroism           |       |       |       |     2 ||     2
Evoke: Wand              |     3 |     1 |       |       ||     4
  Use: Scroll            |     5 |     8 |     3 |       ||    16
       Potion            |     3 |     3 |     9 |     3 ||    18
 Stab: Paralysed         |     4 |       |       |       ||     4
       Sleeping          |       |     1 |     4 |       ||     5
       Distracted        |       |       |     1 |     1 ||     2
  Eat: Chunk             |     1 |     9 |    13 |     5 ||    28
       Fruit             |       |       |     5 |     1 ||     6
Armor: Leather armour    |    16 |    40 |    77 |    27 ||   160
Dodge: Dodged            |    32 |    99 |   208 |    66 ||   405
Block: Other             |       |       |       |     4 ||     4
